 Dungeon Crawl Stone Soup version 0.16-a0-3272-g378764d (webtiles) character file.

36726 tabstorm the Cleaver (level 13, 70/70 HPs)
             Began as a Vine Stalker Gladiator on Sept 8, 2015.
             Quit the game on level 13 of the Dungeon.
             The game lasted 00:42:30 (16042 turns).

tabstorm the Cleaver (Vine Stalker Gladiator)      Turns: 16042, Time: 00:42:30

Health: 70/70      AC: 31    Str: 19    XL:     13   Next: 92%
Magic:  25/25      EV:  6    Int: 11    God:
Gold:   947        SH:  0    Dex: 19    Spells: 0 memorised, 12 levels left

rFire  + . .     SeeInvis .     a - +0 war axe
rCold  + + .     Clarity  .     V - +9 armour of the Dragon King {rPois rF+ rC+ MR+}
rNeg   + . .     SustAb   .     (no shield)
rPois  +         Gourm    .     h - +3 hat of Donug {Int+3}
rElec  .         Spirit   +     o - +0 cloak
rCorr  +         Warding  .     z - +0 pair of gloves
rMut   .         Stasis   .     (no boots)
MR     ++...                    M - amulet of resist corrosion
Stlth  ..........               Z - ring "Maegirchiu" {rC+ rN+ Stlth---}
                                (no ring)

@: very resistant to hostile enchantments, extremely unstealthy
A: fangs 3, regeneration 3, magic shield, antimagic bite, no device heal 3, rot
immunity
a: no special abilities


You were on level 13 of the Dungeon.
You were very hungry.

You visited 2 branches of the dungeon, and saw 16 of its levels.
You also visited: Labyrinth and Sewer.

You collected 947 gold pieces.

Inventory:

Hand weapons
 a - a +0 war axe (weapon)
 K - a +2 hand axe of flaming
Missiles
 m - 22 poisoned needles
Armour
 c - a +1 helmet
 h - the +3 hat of Donug (worn) {Int+3}
   (You found it in a labyrinth)

   It affects your intelligence (+3).
 o - a +0 cloak (worn)
 z - a +0 pair of gloves (worn)
 V - the +9 armour of the Dragon King (worn) {rPois rF+ rC+ MR+}
   (You found it in a labyrinth)

   It protects you from fire.
   It protects you from cold.
   It protects you from poison.
   It affects your resistance to hostile enchantments.
Rods
 A - a +6 lightning rod (14/14)
   (You found it in a labyrinth)
Jewellery
 I - an uncursed ring of sustain abilities
 M - an amulet of resist corrosion (around neck)
 Z - the ring "Maegirchiu" (right hand) {rC+ rN+ Stlth---}
   (You found it on level 10 of the Dungeon)

   [ring of protection from cold]

   It protects you from cold.
   It protects you from negative energy.
   It makes you much less stealthy.
Magical devices
 D - a wand of lightning (0)
 G - a wand of slowing (34)
 O - a wand of confusion (1)
 P - a wand of magic darts (13)
 S - a wand of random effects (28)
 U - a wand of slowing (27)
 W - a wand of cold (0)
 X - a wand of fireball (5)
Scrolls
 g - 2 scrolls of identify
 s - 6 scrolls of teleportation
 v - a scroll of enchant armour
 w - 3 scrolls of recharging
 y - a scroll of noise
 C - 2 scrolls of magic mapping
 J - 2 scrolls of enchant weapon
 L - 2 scrolls of blinking
 Q - a scroll of remove curse
Potions
 e - 2 potions of brilliance
 j - 3 potions of curing
 l - a potion of cancellation {unknown}
 p - 2 potions of restore abilities
 r - 2 potions of heal wounds
 x - a potion of resistance {unknown}
 F - a potion of might
 R - a potion of degeneration {unknown}
Books
 d - a Young Poisoner's Handbook

   Spells                             Type                      Level
   a - Sting                          Conjuration/Poison           1
   b - Cure Poison                    Poison                       2
   c - Mephitic Cloud                 Conjuration/Poison/Air       3
   d - Olgreb's Toxic Radiance        Poison                       4
   e - Venom Bolt                     Conjuration/Poison           5
 k - the Reference Book on Warped Talismans
   (You found it in a labyrinth)

   Spells                             Type                      Level
   a - Shroud of Golubria             Charms/Translocation         2
   b - Swiftness                      Charms/Air                   2
   c - Ozocubu's Armour               Charms/Ice                   3
   d - Control Teleport               Charms/Translocation         4
   e - Excruciating Wounds            Charms/Necromancy            5
 B - a book of Alchemy

   Spells                             Type                      Level
   a - Sublimation of Blood           Necromancy                   2
   b - Alistair's Intoxication        Transmutation/Poison         4
   c - Condensation Shield            Ice                          4
   d - Petrify                        Transmutation/Earth          4
   e - Ignite Poison                  Fire/Transmutation           5
   f - Irradiate                      Conjuration/Transmutation    5
 H - a book of Necromancy

   Spells                             Type                      Level
   a - Pain                           Necromancy                   1
   b - Animate Skeleton               Necromancy                   1
   c - Vampiric Draining              Necromancy                   3
   d - Regeneration                   Charms/Necromancy            3
   e - Animate Dead                   Necromancy                   4
   f - Control Undead                 Necromancy                   4
 N - a book of Unlife

   Spells                             Type                      Level
   a - Recall                         Summoning/Translocation      3
   b - Animate Dead                   Necromancy                   4
   c - Control Undead                 Necromancy                   4
   d - Cigotuvi's Embrace             Necromancy                   5
   e - Death Channel                  Necromancy                   6
   f - Simulacrum                     Ice/Necromancy               6
 Y - a book of Debilitation

   Spells                             Type                      Level
   a - Corona                         Hexes                        1
   b - Slow                           Hexes                        2
   c - Inner Flame                    Hexes/Fire                   3
   d - Enslavement                    Hexes                        4
   e - Cause Fear                     Hexes                        4
   f - Leda's Liquefaction            Hexes/Earth                  4
Miscellaneous
 b - a phial of floods
Comestibles
 f - 12 bread rations
 q - 34 fruits
 t - 9 meat rations
 E - 4 beef jerkies


   Skills:
 + Level 9.1 Fighting
 * Level 14.6 Axes
 - Level 1.7 Throwing
 * Level 8.1 Armour
 - Level 6.9 Dodging
 - Level 7.1 Invocations


You had 12 spell levels left.
You didn't know any spells.

Dungeon Overview and Level Annotations

Branches:
Dungeon (15/15)            Temple (1/1) D:5            Lair (0/8) D:10
    Orc (0/4) D:10         Vaults (0/5) D:14         Depths (0/5) D:15

Altars:
Ashenzari
Cheibriados
Dithmenos
Elyvilon
Fedhas
Gozag
Kikubaaqudgha
Makhleb
Nemelex Xobeh
Okawaru
Qazlal
Ru
Sif Muna
Trog
Vehumet Wulndraste
Xom
Yredelemnul
Zin
The Shining One

Shops:
D:4 [

Annotations:
D:3 farough's ghost, weakling DENe


Innate Abilities, Weirdness & Mutations

You have razor-sharp teeth.
You regenerate.
When hurt, damage is shared between your health and your magic reserves.
Your bite disrupts and absorbs the magic of your enemies.
Potions and wands cannot restore your health.
You are immune to rotting.


Message History

You open the door.
There is an open door here.
An efreet is nearby!
An efreet is nearby!
The hill giant shouts!
There is an open door here.
The efreet gestures at you.
The fireball explodes!
The fireball engulfs you! You resist.
There is a stone staircase leading up here.
The ten-headed hydra is engulfed in roaring flames.
You climb upwards.
There is a stone staircase leading down here.
Unknown command.
Use which ability? (? or * to list) Really renounce your faith, foregoing its fabulous benefits?
Are you sure you won't change your mind later?
You have lost your religion!
Wulndraste does not appreciate desertion!
Unknown command.
Are you sure you want to abandon this character and quit the game? (Confirm with "yes".)

#...# # #...# #...# #
#######...########
#.##.........#...#
#.##....♣....#...#
#.##....♣....#...#
####.##.........#....
#...@..............#.
#.....########.....#.
#.......#####....####
#.....#.....#.....##.
#.....#####.#.....##.
#.....# #.#.....##.
#.....# #.########.
#.....# #.......###
#.....# #######....


There were no monsters in sight!

Vanquished Creatures
  A minotaur (Lab)
  Josephine (D:13)
  8 centaur warriors
  An ogre mage (D:15)
  A tengu warrior (D:15)
  An unseen horror (D:10)
  A deep troll (D:15)
  8 hill giants
  4 ugly things
  2 manticores
  An orb spider (shapeshifter) (D:15)
  3 cyclopes
  4 gargoyles
  A yaktaur (D:10)
  2 komodo dragons (D:12)
  An efreet (D:12)
  3 trolls
  A tengu conjurer (D:15)
  A two-headed ogre (D:13)
  2 trapdoor spider zombies
  A slime creature (D:10)
  A raiju (shapeshifter) (D:12)
  A trapdoor spider (D:9)
  2 shadows
  A deep elf mage (D:9)
  A hill giant zombie (D:10)
  A wyvern (D:8)
  19 yaks
  A soldier ant (shapeshifter) (D:12)
  3 hungry ghosts
  Edmund (D:7)
  A steam dragon (D:9)
  6 hippogriffs
  3 vampire mosquitoes
  3 water moccasins
  An eye of draining (D:13)
  8 orc warriors
  4 sky beasts
  9 ogres
  4 phantoms
  An eye of draining (shapeshifter) (D:14)
  3 necrophages
  4 black bears
  6 ice beasts
  14 centaurs
  3 boring beetles (D:10)
  A crocodile (D:9)
  A brain worm (D:9)
  8 giant frogs
  3 big kobolds
  Blork the orc (D:5)
  A wyvern skeleton (D:9)
  4 scorpions
  5 killer bees (D:8)
  3 troll zombies (D:10)
  5 crimson imps
  3 goliath beetles
  7 hounds
  4 centaur zombies
  2 giant frog zombies
  5 wights (D:6)
  4 lava snakes (Lab)
  5 quasits
  4 giant frog skeletons
  4 orc priests
  2 gnoll shamans
  5 iguanas
  22 jellies
  2 centaur skeletons
  5 orc wizards
  A killer bee zombie (D:9)
  15 worker ants
  2 ogre zombies (D:10)
  A hound zombie (D:9)
  A mummy (D:10)
  A worker ant zombie (D:7)
  15 adders
  7 gnolls
  3 shadow imps
  10 giant mites
  3 worms
  An adder skeleton (D:9)
  11 oozes
  18 giant geckos
  53 orcs
  14 ball pythons
  A bat skeleton (D:7)
  19 giant cockroaches
  11 goblins
  19 hobgoblins
  17 jackals
  A quokka (D:5)
  7 bats
  A giant gecko skeleton (D:4)
  13 giant newts
  4 goblin skeletons (D:10)
  A goblin zombie (D:10)
  A hobgoblin skeleton (D:10)
  3 hobgoblin zombies (D:10)
  19 kobolds
  10 orc zombies (D:10)
  A quokka skeleton (D:6)
  13 rats
  A spectral orc (D:4)
  A ballistomycete (D:10)
554 creatures vanquished.

Vanquished Creatures (collateral kills)
  A hydra (D:15)
1 creature vanquished.

Vanquished Creatures (others)
  An unseen horror (D:13)
  A wolf spider (D:12)
  An adder (D:3)
  A bat (D:3)
  3 giant spores
7 creatures vanquished.

Grand Total: 562 creatures vanquished

Notes
Turn   | Place    | Note
--------------------------------------------------------------
     0 | D:1      | tabstorm, the Vine Stalker Gladiator, began the quest for the Orb.
     0 | D:1      | Reached XP level 1. HP: 11/11 MP: 1/1
    75 | D:1      | Reached skill level 3 in Axes
    98 | D:1      | Reached XP level 2. HP: 10/15 MP: 3/3
   427 | D:1      | Reached XP level 3. HP: 18/18 MP: 4/4
  1055 | D:2      | Reached skill level 4 in Axes
  1210 | D:2      | Found a glowing golden altar of the Shining One.
  1251 | D:2      | Reached XP level 4. HP: 23/23 MP: 5/5
  1670 | D:3      | Reached skill level 5 in Axes
  1670 | D:3      | Reached XP level 5. HP: 16/26 MP: 5/7
  1727 | D:3      | Found an ancient bone altar of Kikubaaqudgha.
  1939 | D:3      | Found a sparkling altar of Nemelex Xobeh.
  2069 | D:3      | Gained mutation: You heal very quickly. [vine stalker growth]
  2069 | D:3      | Reached XP level 6. HP: 16/30 MP: 4/8
  2074 | D:3      | Reached skill level 6 in Axes
  2206 | D:3      | Found an opulent altar of Gozag.
  2268 | D:3      | Noticed farough's ghost (weakling DENe)
  2353 | D:4      | Found a stormy altar of Qazlal.
  2503 | D:4      | Found Oliuril's Armour Shop.
  2629 | D:4      | Reached skill level 7 in Axes
  2629 | D:4      | Reached XP level 7. HP: 34/34 MP: 9/9
  2869 | D:4      | Found a basalt altar of Yredelemnul.
  3396 | D:5      | Entered Level 5 of the Dungeon
  3444 | D:5      | Found a staircase to the Ecumenical Temple.
  3450 | Temple   | Entered the Ecumenical Temple
  3481 | Temple   | Became a worshipper of Wulndraste the Wayfarer
  3568 | D:5      | Reached skill level 8 in Axes
  3606 | D:5      | Gained mutation: You have razor-sharp teeth. [vine stalker growth]
  3606 | D:5      | Reached XP level 8. HP: 14/38 MP: 11/11
  3794 | D:5      | Noticed Blork the orc
  3803 | D:5      | Killed Blork the orc
  3905 | D:5      | Reached skill level 9 in Axes
  3978 | D:5      | Got a bloodstained ring mail
  3989 | D:5      | Identified the +1 ring mail of the Assorted Places {Str-3 Dex+2} (You found it on level 5 of the Dungeon)
  4515 | D:6      | Reached skill level 1 in Armour
  4628 | D:6      | Found a glowing drain.
  4632 | Sewer    | Entered a sewer
  4777 | Sewer    | Reached XP level 9. HP: 42/44 MP: 12/12
  4802 | Sewer    | Acquired Wulndraste's first power
  5282 | D:6      | Acquired Wulndraste's second power
  5290 | D:6      | Got a slimy golden ring
  5296 | D:6      | Identified the cursed ring of Thoboveb {EV-5 Slay+4} (You found it on level 6 of the Dungeon)
  5391 | D:6      | Found a bloodstained altar of Trog.
  5555 | D:6      | Reached skill level 10 in Axes
  5770 | D:7      | Noticed Edmund
  5786 | D:7      | Killed Edmund
  5924 | D:7      | Found a blossoming altar of Fedhas.
  6068 | D:8      | Acquired Wulndraste's third power
  6201 | D:8      | Reached XP level 10. HP: 54/61 MP: 12/15
  6532 | D:8      | Reached skill level 5 in Dodging
  7104 | D:9      | Reached skill level 5 in Fighting
  7252 | D:9      | Reached skill level 11 in Axes
  7404 | D:9      | Reached skill level 5 in Armour
  7972 | D:9      | Reached XP level 11. HP: 67/67 MP: 18/18
  8184 | D:10     | Entered Level 10 of the Dungeon
  8230 | D:10     | Found a staircase to the Orcish Mines.
  8368 | D:10     | Found a staircase to the Lair.
  8487 | D:10     | Acquired Wulndraste's fourth power
  8592 | D:10     | Killed an unseen horror
  8650 | D:10     | Noticed a hill giant
  8667 | D:10     | Killed a hill giant
  8667 | D:10     | Reached skill level 12 in Axes
  8721 | D:10     | Noticed a hill giant
  8736 | D:10     | Killed a hill giant
  9222 | D:10     | Got a flickering silver ring
  9223 | D:10     | Identified the ring "Maegirchiu" {rC+ rN+ Stlth---} (You found it on level 10 of the Dungeon)
  9225 | D:10     | Who needs stealth lol
  9493 | D:10     | Gained mutation: You regenerate. [vine stalker growth]
  9493 | D:10     | Reached XP level 12. HP: 12/74 MP: 8/19
  9691 | D:11     | Found a labyrinth entrance.
  9696 | Lab      | Entered a labyrinth
 11384 | Lab      | Got a crude hat
 11778 | Lab      | Noticed a minotaur
 11796 | Lab      | Killed a minotaur
 11798 | Lab      | Identified the Reference Book on Warped Talismans
 11799 | Lab      | Identified the +3 hat of Donug {Int+3} (You found it in a labyrinth)
 12630 | D:12     | Noticed a centaur warrior
 12669 | D:12     | Reached skill level 13 in Axes
 13079 | D:12     | Reached skill level 5 in Invocations
 13663 | D:12     | Killed a centaur warrior
 13803 | D:13     | Noticed Josephine
 13803 | D:13     | Noticed a centaur warrior
 13841 | D:13     | Killed Josephine
 13841 | D:13     | Reached XP level 13. HP: 65/81 MP: 30/30
 13847 | D:13     | Killed a centaur warrior
 14023 | D:13     | Noticed a centaur warrior
 14035 | D:13     | Killed a centaur warrior
 14051 | D:13     | Noticed a centaur warrior
 14066 | D:13     | Killed a centaur warrior
 14188 | D:13     | Noticed a centaur warrior
 14202 | D:13     | Killed a centaur warrior
 14202 | D:13     | Reached skill level 14 in Axes
 14259 | D:13     | Noticed a centaur warrior
 14269 | D:13     | Killed a centaur warrior
 14324 | D:13     | Noticed a four-headed hydra
 14441 | D:14     | Found a gate to the Vaults.
 14453 | D:15     | Entered Level 15 of the Dungeon
 14914 | D:15     | Found a staircase to the Depths.
 14939 | D:15     | Noticed an ettin
 14939 | D:15     | an ice dragon changed into an ettin
 14946 | D:15     | Noticed a minotaur
 14946 | D:15     | an ettin changed into a minotaur
 14955 | D:15     | Noticed a stone giant
 14955 | D:15     | a minotaur changed into a stone giant
 14958 | D:15     | a stone giant changed into an alligator snapping turtle
 14963 | D:15     | Noticed a shadow dragon
 14963 | D:15     | an alligator snapping turtle changed into a shadow dragon
 14973 | D:15     | Noticed an acid blob
 14974 | D:15     | Noticed an iron dragon
 14974 | D:15     | an acid blob changed into an iron dragon
 14980 | D:15     | Noticed an acid blob
 14993 | D:15     | Noticed an iron dragon
 14993 | D:15     | an acid blob changed into an iron dragon
 14993 | D:15     | Noticed a quicksilver dragon
 14993 | D:15     | an iron dragon changed into a quicksilver dragon
 14994 | D:15     | Noticed a fire giant
 14994 | D:15     | a quicksilver dragon changed into a fire giant
 15001 | D:14     | Noticed a storm dragon
 15001 | D:14     | Noticed a dire elephant
 15001 | D:14     | a storm dragon changed into a dire elephant
 15008 | D:14     | Noticed a quicksilver dragon
 15008 | D:14     | a dire elephant changed into a quicksilver dragon
 15009 | D:14     | Noticed a dire elephant
 15009 | D:14     | a quicksilver dragon changed into a dire elephant
 15013 | D:14     | Noticed a sphinx
 15016 | D:14     | a sphinx changed into an alligator snapping turtle
 15023 | D:14     | Acquired Wulndraste's fifth power
 15610 | D:13     | Noticed a centaur warrior
 15622 | D:13     | Killed a centaur warrior
 16041 | D:13     | Fell from the grace of Wulndraste
 16042 | D:13     | Quit the game

Action                   |  1- 3 |  4- 6 |  7- 9 | 10-12 | 13-15 || total
-------------------------+-------+-------+-------+-------+-------++-------
Melee: War axe           |   113 |   133 |   600 |   979 |   382 ||  2207
Throw: Throwing net      |       |     1 |     2 |       |       ||     3
Invok: Change of Scenery |       |       |       |     1 |       ||     1
       Renounce Religion |       |       |       |       |     1 ||     1
Evoke: Wand              |       |       |       |    12 |     4 ||    16
       Phantom mirror    |       |       |       |       |     1 ||     1
  Use: Scroll            |       |       |     9 |    21 |     2 ||    32
       Potion            |       |       |       |     3 |       ||     3
 Stab: Held in net/web   |       |       |     3 |       |       ||     3
       Confused          |       |       |       |     3 |       ||     3
  Eat: Chunk             |     1 |     5 |    12 |    18 |     5 ||    41
       Pizza             |       |       |       |     2 |     1 ||     3
       Meat ration       |       |       |       |     1 |       ||     1
       Royal jelly       |       |       |       |     1 |       ||     1
       Fruit             |       |       |       |       |     1 ||     1
